Description

zvx vibus build

Replay - B2GM - ZvT - Platinum 1 - Game 4

Build Order

Get SALT Encoding   

  12  0:01  Drone  
  13  0:14  Overlord  
  13  0:16  Drone  
  14  0:33  Drone x2  
  16  0:40  Drone  
  17  0:54  Hatchery  
  16  0:59  Drone x2  
  18  1:16  Spawning Pool  
  17  1:19  Drone x2  
  19  1:30  Drone  
  20  1:36  Extractor  
  20  1:52  Overlord  
  23  2:16  Queen x2  
  30  2:37  Overlord  
  33  2:54  Queen  
  33  2:55  Lair  
  37  3:06  Hatchery  
  37  3:10  Overlord  
  43  3:29  Overlord  
  45  3:37  Roach Warren  
  45  3:40  Evolution Chamber  
  45  3:51  Extractor x2  
  51  4:12  Zerg Missile Weapons Level 1  
  51  4:16  Evolution Chamber  
  50  4:18  Glial Reconstitution  
  50  4:19  Roach x3  
  56  4:32  Roach x4  
  56  4:35  Queen  
  56  4:37  Roach x2  
  72  4:46  Overseer  
  88  5:25  Extractor x2  
  90  5:50  Hatchery  
  91  5:58  Hydralisk Den, Extractor  
  99  6:05  Spore Crawler x3  
  99  6:11  Zerg Missile Weapons Level 2, Zerg Ground Armor Level 1  
  102  6:39  Grooved Spines  
  106  6:48  Extractor x2  
  104  7:02  Hatchery  
  104  7:05  Hydralisk x10  
  144  7:45  Infestation Pit  
  144  7:50  Muscular Augments  
  175  8:13  Roach  
  200  8:40  Spore Crawler  
  199  8:41  Spine Crawler x2  
  199  8:46  Spine Crawler x4  
  200  8:53  Spine Crawler x2  
  194  9:19  Spire  
  194  9:20  Lurker Den  
Spawning Tool Build Advisor. Get it on Overwolf

Go to:

Details

  • Created by: deathsbane  
  • Published on: Feb 08, 2020
  • Modified on: Feb 08, 2020
  • Patch: 4.11.0
Show
View Real Time Build Order
Export as new Build Order

Comments (0)

There are no comments. Be the first!

Create an account to comment!